 Dungeon Crawl Stone Soup version 0.30.0-5-g1a98f26d00 (webtiles) character file.

Game seed: 18047814477084189013

3482 KamiKatze the Thaumaturge (level 9, -2/45 HPs)
             Began as a Deep Elf Conjurer on May 10, 2023.
             Was an Initiate of Vehumet.
             Slain by a centaur warrior
             ... wielding a +0 rapier
              (10 damage)
             ... on level 8 of the Dungeon.
             The game lasted 00:26:53 (7786 turns).

KamiKatze the Thaumaturge (Deep Elf Conjurer)       Turns: 7786, Time: 00:26:54

Health: -2/45      AC:  4    Str:  4    XL:     9   Next: 79%
Magic:  0/24       EV: 12    Int: 28    God:    Vehumet [......]
Gold:   417        SH:  0    Dex: 13    Spells: 15/26 levels left

rFire   + . .        d - +0 whip
rCold   . . .        (no shield)
rNeg    . . .        a - +0 robe
rPois   .            k - +0 helmet
rElec   .            F - scarf {repulsion}
rCorr   .            v - +0 pair of gloves
SInv    .            (no boots)
Will    .....        r - amulet of guardian spirit
Stlth   ++           P - ring of flight
HPRegen 0.27/turn    O - ring of protection from fire
MPRegen 0.19/turn

%: repel missiles, guardian spirit
@: flying
A: no striking features
a: Renounce Religion


You were on level 8 of the Dungeon.
You worshipped Vehumet.
Vehumet was noncommittal.
You visited 2 branches of the dungeon, and saw 9 of its levels.

You collected 417 gold pieces.

Inventory:

Hand Weapons
 d - a +0 whip (weapon)
 y - the +1 dagger of Itafaewe {heavy, Int+4 Dex-5}
   (You found it on level 4 of the Dungeon)

   Int:       It affects your intelligence (+4).
   Dex:       It affects your dexterity (-5).
 J - the +8 hammer "Veuhefag" {holy, Dex+5}
   (You found it on level 4 of the Dungeon)

   Dex:       It affects your dexterity (+5).
Missiles
 l - 31 poisoned darts (quivered)
 H - 5 curare-tipped darts
Armour
 a - a +0 robe (worn)
 k - a +0 helmet (worn)
 v - a +0 pair of gloves (worn)
 F - a scarf of repulsion (worn)
 K - a +0 cloak
Magical Staves
 f - a staff of death
 A - a staff of poison
Jewellery
 c - a ring of ice
 r - an amulet of guardian spirit (around neck)
 u - a ring of positive energy
 O - a ring of protection from fire (right hand)
 P - a ring of flight (left hand)
Wands
 m - a wand of roots (20)
 M - a wand of paralysis (7)
 N - a wand of mindburst (15)
Scrolls
 e - a scroll of noise {unknown}
 g - 3 scrolls of amnesia {unknown}
 p - a scroll of immolation {unknown}
 s - a scroll of fog {unknown}
 t - a scroll of butterflies {unknown}
 w - 2 scrolls of magic mapping {unknown}
 x - a scroll of enchant armour {unknown}
 z - a scroll of brand weapon {unknown}
 C - a scroll of torment {unknown}
 D - 2 scrolls of teleportation {unknown}
 L - 2 scrolls of enchant weapon {unknown}
Potions
 b - a potion of magic
 h - a potion of degeneration {unknown}
 i - a potion of mutation
 j - 2 potions of brilliance
 n - 4 potions of heal wounds
 o - 4 potions of might
 q - a potion of haste {unknown}
 B - 2 potions of flight {unknown}
 E - 3 potions of attraction
 G - 3 potions of curing {unknown}
 I - 2 potions of lignification
 Q - a potion of berserk rage {unknown}


   Skills:
 - Level 2.0 Throwing
 - Level 3.0 Dodging
 - Level 3.0 Stealth
 * Level 9.4 Spellcasting
 * Level 8.6 Conjurations
 * Level 8.7 Hexes
 * Level 7.3 Translocations
 - Level 2.0 Evocations


You had 15 spell levels left.
You knew the following spells:

 Your Spells              Type           Power      Damage    Failure   Level
a - Magic Dart            Conj           100%       1d8       1%          1
b - Searing Ray           Conj           100%       2d8       1%          2
c - Fulminant Prism       Conj/Hex       29%        3d14      1%          4
d - Iskenderun's Mystic   Conj/Tloc      55%        2d12      1%          4

Your spell library contained the following spells:

 Spells                   Type           Power      Damage    Failure   Level
 Lesser Beckoning         Tloc           100%       N/A       1%          2
 Dazzling Flash           Conj/Hex       100%       N/A       1%          3
 Gell's Gravitas          Tloc           52%        N/A       1%          3
 Portal Projectile        Hex/Tloc       100%       N/A       1%          3
 Teleport Other           Tloc           52%        N/A       1%          3
 Summon Guardian Golem    Hex/Summ       37%        N/A       2%          3
 Summon Small Mammal      Summ           52%        N/A       4%          1
 Sublimation of Blood     Necr           13%        N/A       6%          2
 Wereblood                Tmut           13%        N/A       6%          2
 Leda's Liquefaction      Hex/Erth       18%        N/A       7%          4
 Call Canine Familiar     Summ           13%        N/A       13%         3
 Dispersal                Tloc           26%        N/A       32%         6
 Summon Hydra             Summ           6%         N/A       100%        7


Dungeon Overview and Level Annotations

Branches:
Dungeon (8/15)             Temple (1/1) D:7
   Lair: D:8-11

Altars:
Elyvilon
Fedhas
Gozag
Hepliaklqana
Nemelex Xobeh
Okawaru
Qazlal
Ru
Sif Muna
Trog
Uskayaw
Vehumet
Yredelemnul

Annotations:
D:7 2 transporters


Message History

The centaur warrior is moderately wounded.
The centaur warrior is knocked back by the mystic blast.
The centaur warrior slams into the rock wall!
The centaur warrior is heavily wounded.
The centaur warrior hits you with a +0 rapier.
The centaur warrior kicks you.
Casting: Iskenderun's Mystic Blast (dangerous; 1% risk of failure)
Confirm with . or Enter, or press ? or * to list all spells.
You erupt in a blast of force!
The mystic blast hits the centaur warrior!
The centaur warrior is heavily wounded.
The centaur warrior is knocked back by the mystic blast.
The centaur warrior slams into the rock wall!
The centaur warrior is severely wounded.
The centaur warrior hits you with a +0 rapier!
* * * LOW HITPOINT WARNING * * *
The centaur warrior kicks you but does no damage.
Casting: Iskenderun's Mystic Blast (dangerous; 1% risk of failure)
Confirm with . or Enter, or press ? or * to list all spells.
You don't have enough magic to cast this spell.
Unknown command.
Casting: Iskenderun's Mystic Blast (dangerous; 1% risk of failure)
Confirm with . or Enter, or press ? or * to list all spells.
Aiming: Searing Ray (safe; 1% risk of failure)
Press: ? - help, Shift-Dir - straight line, f - centaur warrior
Aim: a centaur warrior, wielding a +0 rapier and wearing a +0 robe (severely wounded, 87% to hit)
The searing ray hits the centaur warrior!
The centaur warrior is almost dead. (Press . to maintain the ray.)
The centaur warrior hits you with a +0 rapier.
* * * LOW HITPOINT WARNING * * *
The centaur warrior barely misses you.
Unknown command.
The searing ray hits the centaur warrior but does no damage.
The centaur warrior is almost dead.
The centaur warrior hits you with a +0 rapier.
* * * LOW HITPOINT WARNING * * *
The centaur warrior completely misses you.
The centaur warrior hits you with a +0 rapier!
You die...

.....................
##########.........#
.# #...#####.# ##
#...#####.#
#.......#.#
######..#....#.#
........#.##.#<######
...........c.........>
........#.<#@#.######.
# ############<..#
#รท### .....*'.#
......### ###... #..
#.. #.


You could see a centaur warrior.

Vanquished Creatures
  An unseen horror zombie (D:8)
  A slime creature (D:8)
  A wyvern (D:5)
  A shadow (D:8)
  A yak (D:8)
  A steam dragon (D:8)
  3 ice beasts
  A black bear (D:6)
  3 centaurs
  5 ogres
  A phantom (D:4)
  3 bullfrogs
  A wyvern zombie (D:8)
  5 wights (D:6)
  3 killer bees (D:7)
  A howler monkey (D:6)
  A jelly (D:3)
  Crazy Yiuf (D:4)
  An orc priest (D:8)
  2 hounds (D:5)
  2 sleepcaps
  Natasha (thrice) (D:2)
  Terence (D:1)
  3 iguanas
  3 orc wizards
  A killer bee zombie (D:8)
  Robin (D:2)
  4 adders
  3 gnolls (D:4)
  2 shadow imps
  A white imp (D:6)
  An ufetubus (D:5)
  5 dart slugs
  12 orcs
  7 bats
  6 endoplasms
  A giant cockroach (D:1)
  17 goblins
  9 hobgoblins
  12 jackals
  3 quokkas
  10 ball pythons
  3 frilled lizards
  13 kobolds
  6 rats
166 creatures vanquished.

Vanquished Creatures (others)
  40 fulminant prisms
40 creatures vanquished.

Grand Total: 206 creatures vanquished

Notes
Turn   | Place    | Note
-------+----------+-------------------------------------------
     0 | D:1      | KamiKatze the Deep Elf Conjurer began the quest for the
                  | Orb.
     0 | D:1      | Reached XP level 1. HP: 10/10 MP: 6/6
   231 | D:1      | Reached XP level 2. HP: 15/15 MP: 5/8
   234 | D:1      | Learned a level 2 spell: Searing Ray
   420 | D:1      | Reached skill level 1 in Translocations
   424 | D:1      | Reached skill level 1 in Hexes
   665 | D:1      | Reached XP level 3. HP: 7/19 MP: 6/9
  1076 | D:2      | Noticed Terence
  1160 | D:2      | Noticed Robin
  1234 | D:2      | Killed Robin
  1314 | D:1      | Killed Terence
  1315 | D:1      | Reached XP level 4. HP: 14/24 MP: 3/11
  1456 | D:2      | Learned a level 4 spell: Fulminant Prism
  1757 | D:2      | Found a faded altar of an unknown god.
  1928 | D:2      | Noticed Natasha
  1931 | D:2      | Killed Natasha
  1932 | D:2      | Reached skill level 1 in Throwing
  1932 | D:2      | Reached skill level 4 in Spellcasting
  1967 | D:2      | Learned a level 4 spell: Iskenderun's Mystic Blast
  2054 | D:2      | Reached XP level 5. HP: 28/28 MP: 9/13
  2159 | D:2      | Noticed Natasha
  2164 | D:2      | Killed Natasha
  2165 | D:2      | Reached skill level 5 in Conjurations
  2294 | D:2      | Noticed Natasha
  2301 | D:2      | Killed Natasha
  2302 | D:2      | Reached skill level 1 in Evocations
  2901 | D:4      | Noticed an ogre
  2926 | D:4      | Killed an ogre
  2927 | D:4      | Reached XP level 6. HP: 32/32 MP: 8/14
  3112 | D:4      | Reached skill level 5 in Spellcasting
  3199 | D:4      | Found a runed translucent door.
  3200 | D:4      | Noticed Crazy Yiuf
  3374 | D:4      | Reached XP level 7. HP: 36/36 MP: 8/16
  3614 | D:4      | Identified the +1 dagger of Itafaewe {heavy, Int+4 Dex-5}
  3622 | D:4      | Found a bloodstained altar of Trog.
  3888 | D:5      | Entered Level 5 of the Dungeon
  4198 | D:5      | Noticed a wyvern
  4344 | D:4      | Reached skill level 6 in Spellcasting
  4676 | D:5      | Reached skill level 5 in Hexes
  4964 | D:5      | Killed a wyvern
  4965 | D:5      | Reached XP level 8. HP: 41/41 MP: 11/19
  5350 | D:6      | Reached skill level 7 in Spellcasting
  5350 | D:6      | Reached skill level 5 in Translocations
  5437 | D:4      | Killed Crazy Yiuf
  5440 | D:4      | Identified the +8 hammer "Veuhefag" {holy, Dex+5}
  6294 | D:7      | Noticed a kobold demonologist
  6305 | D:7      | Found a transporter.
  6310 | D:7      | Found a transporter.
  6350 | D:7      | Reached XP level 9. HP: 45/45 MP: 6/22
  6353 | D:7      | Reached skill level 8 in Spellcasting
  6485 | D:7      | Found a staircase to the Ecumenical Temple.
  6494 | Temple   | Entered the Ecumenical Temple
  6570 | Temple   | Became a worshipper of Vehumet
  7440 | D:8      | Reached skill level 9 in Spellcasting
  7677 | D:8      | Noticed a centaur warrior
  7786 | D:8      | Slain by a centaur warrior

Illustrated notes

Levels and vault maps discovered:
D:1:      sevenhm_arrival_forest_fort_small_4, layout_basic, serial_bayou,
          serial_bayou_pond_a, serial_bayou_pond_b, serial_bayou_lagoon_a,
          serial_bayou_pond_b
D:2:      layout_basic, hellmonk_ecumenical_altar_leap_of_faith,
          amethyst_killhole, minmay_close_crescents, uniq_robin, uniq_terence,
          uniq_natasha
D:3:      layout_basic
D:4:      layout_loops_corners, amcnicky_altar_gilded,
          dreamdust_princess_bridge, uniq_crazy_yiuf_cottage
D:5:      layout_basic
D:6:      layout_loops_ring
D:7:      gammafunk_wand_slinger, layout_cave_pools,
          minmay_temple_entry_junction
D:8:      kennysheep_blocky_room, layout_basic,
          grunt_temple_overflow_order_and_chaos_2, serial_undead,
          serial_undead_e, serial_undead_e, serial_undead_b, serial_undead_b,
          kb_rosetta
Temple:   nicolae_temple_x_marks_the_god

Skill      XL: |  1  2  3  4  5  6  7  8  9 |
---------------+----------------------------+-----
Translocations | 1 2 3 4 5 7 |  7.3
Hexes          | 1 2 3 5 7 8 |  8.7
Throwing       | 1 2 |  2.0
Spellcasting   | 4 5 6 7 9 |  9.4
Conjurations   | 5 6 7 8 |  8.6
Stealth        | 3 |  3.0
Evocations     | 1 2 |  2.0
Dodging        | 3 |  3.0

Action                     |  1- 3 |  4- 6 |  7- 9 || total
---------------------------+-------+-------+-------++-------
  Melee: Whip              |    13 |     2 |     3 ||    18
   Cast: Magic Dart        |    65 |    70 |    51 ||   186
         Searing Ray       |     8 |     9 |    25 ||    42
         Fulminant Prism   |       |       |    40 ||    40
         Iskenderun's Myst |       |       |    20 ||    20
    Use: Potion            |     2 |       |       ||     2
         Scroll            |     1 |     2 |     2 ||     5
 Armour: Robe              |     3 |     1 |    10 ||    14
         Skin              |    10 |       |       ||    10
  Dodge: Dodged            |    20 |    12 |    25 ||    57
         Repelled          |       |       |     3 ||     3
